Map: Orbital Shipyard

Players

MorN

  • Race: Terran Terran
  • League: Master

Apocalypse - Winner!

  • Race: Protoss Protoss
  • League: Master

VOD

Have the link to the VOD?

Description

Time

  • Played on: Dec. 6, 2015, 1:22 a.m.
  • Length: 17:25
Show
View Real Time Build Order
Export as new Build Order

MorN Terran 

Build Orders:  

Get SALT Encoding   

  12  0:00  SCV  
  13  0:12  SCV  
  14  0:17  Supply Depot  
  14  0:28  SCV  
  15  0:40  SCV  
  15  0:41  Barracks  
  16  0:52  SCV, Refinery  
  17  1:04  SCV  
  18  1:16  SCV  
  19  1:28  Marine  
  19  1:29  Orbital Command  
  20  1:40  Command Center  
  20  1:55  Factory  
  20  1:57  Marine  
  20  2:00  SCV  
  22  2:03  Supply Depot  
  22  2:12  SCV  
  23  2:24  Marine  
  23  2:25  SCV  
  25  2:37  SCV  
  25  2:39  Factory Tech Lab, Barracks  
  26  2:45  Marine  
  26  2:49  SCV  
  28  2:52  Orbital Command  
  28  3:01  SCV, Cyclone  
  32  3:08  Marine  
  32  3:11  Refinery  
  33  3:13  SCV  
  33  3:14  Engineering Bay  
  33  3:18  SCV  
  35  3:25  SCV  
  35  3:26  Marine  
  37  3:30  SCV  
  38  3:37  SCV  
  39  3:42  SCV  
  39  3:43  Barracks  
  39  3:45  Factory Reactor  
  39  3:48  Marine  
  41  3:49  SCV  
  41  3:51  Stimpack  
  41  3:54  SCV  
  43  3:56  Supply Depot  
  43  4:02  SCV, Marine  
  45  4:06  SCV  
  45  4:08  Command Center  
  46  4:14  Terran Infantry Weapons Level 1  
  46  4:17  SCV, Barracks Tech Lab  
  46  4:21  SCV  
  48  4:25  Barracks Tech Lab  
  48  4:27  Supply Depot  
  48  4:30  SCV, Refinery  
  49  4:32  Supply Depot  
  49  4:34  Factory Reactor  
  49  4:41  Starport  
  49  4:43  Marine x3  
  49  4:44  SCV, Marine  
  54  4:47  Refinery  
  54  4:51  SCV  
  55  4:59  SCV  
  56  5:02  Barracks x2  
  56  5:05  Marine x2  
  56  5:06  Marauder x2  
  62  5:08  SCV, Supply Depot  
  60  5:22  Orbital Command  
  60  5:23  Factory Reactor  
  60  5:28  Marauder, Marine  
  60  5:29  Marauder  
  60  5:30  SCV x2  
  60  5:34  Supply Depot  
  64  5:36  Medivac x2  
  64  5:40  Supply Depot, Orbital Command  
  64  5:42  SCV  
  69  5:48  SCV  
  68  5:54  SCV  
  68  5:55  Missile Turret  
  68  5:56  Barracks Tech Lab  
  69  5:57  Barracks Reactor, Marine x2  
  69  5:58  Marauder  
  73  6:05  SCV  
  73  6:06  SCV, Medivac x2  
  73  6:08  SCV  
  80  6:17  Marauder x2, SCV, Widow Mine x2, Marine  
  90  6:19  SCV  
  90  6:20  SCV  
  90  6:24  Supply Depot  
  92  6:26  Terran Infantry Armor Level 1  
  92  6:29  SCV  
  92  6:31  SCV  
  94  6:33  SCV  
  94  6:35  Marine x2  
  94  6:36  Marine x3  
  94  6:38  Marine x2  
  91  6:53  Marine x3  
  93  6:54  Marauder  
  93  6:56  Marauder  
  93  7:01  Marine x2  
  94  7:05  SCV  
  94  7:06  SCV x2  
  95  7:14  Marine x2  
  89  7:15  Marauder, Medivac x2  
  89  7:18  SCV x3, Marauder  
  98  7:27  Marine x2  
  98  7:28  Marauder  
  102  7:30  SCV x3  
  102  7:34  Engineering Bay  
  102  7:35  Armory  
  102  7:36  Marine  
  106  7:42  SCV x2  
  108  7:45  Medivac x2  
  108  7:48  SCV  
  113  7:54  SCV x2  
  115  8:00  SCV  
  115  8:03  Marine x2  
  115  8:04  Marauder  
  116  8:06  SCV  
  116  8:09  SCV  
  116  8:11  Marauder  
  117  8:15  Widow Mine  
  117  8:16  SCV  
  117  8:23  Supply Depot  
  117  8:24  Widow Mine  
  117  8:25  Marauder, Marine x3  
  117  8:26  Refinery  
  117  8:27  Refinery, Liberator  
  124  8:30  Marine  
  125  8:42  Marine  
  125  8:44  Marine x3  
  125  8:45  Marauder  
  133  8:48  Marine, Widow Mine  
  133  8:49  Marauder  
  133  8:52  SCV  
  133  8:53  Liberator  
  130  9:00  Marine  
  130  9:02  Marine x2  
  125  9:03  Marine  
  125  9:06  Marauder  
  125  9:09  Marine  
  125  9:10  Marauder, Liberator  
  117  9:18  Marauder  
  117  9:20  Marine x2  
  117  9:21  Marine  
  108  9:27  Marauder, Marine  
  108  9:28  Command Center  
  114  9:32  Marauder  
  114  9:37  Marine  
  117  9:38  Terran Infantry Weapons Level 2, Terran Infantry Armor Level 2  
  117  9:40  Marauder, Barracks, Terran Vehicle Weapons Level 1  
  117  9:41  Barracks  
  117  9:42  Barracks  
  119  9:48  Marine x2  
  119  9:49  Marine, Marauder, Liberator  
  124  9:53  Marauder  
  126  10:00  Marine  
  126  10:01  Marine  
  126  10:05  Marine  
  128  10:10  Marauder  
  128  10:13  Supply Depot, Starport  
  130  10:14  Supply Depot  
  130  10:15  Supply Depot  
  130  10:19  SCV x2  
  130  10:21  Supply Depot, Fusion Core  
  132  10:28  Liberator  
  132  10:31  Liberator  
  132  10:32  Barracks Tech Lab x2  
  132  10:33  Barracks Reactor, Marine  
  132  10:34  Marauder x2, Marine x2  
  139  10:39  Marine x2  
  141  10:48  Widow Mine x2  
  151  10:51  Marine x2  
  151  10:52  Starport Tech Lab  
  151  10:55  Supply Depot  
  151  10:56  Marauder x2  
  150  11:13  Marine x2  
  150  11:14  Marauder  
  141  11:51  Marine x2  
  141  11:52  Marine x2, Marauder  
  141  11:53  Marauder  
  139  11:55  Marine x2  
  139  11:56  Marauder, Marine x2  
  145  12:03  Command Center  
  145  12:06  Medivac x2  
  145  12:08  Command Center  
  146  12:09  Advanced Ballistics, Marine x2  
  146  12:11  Terran Infantry Weapons Level 3, Terran Infantry Armor Level 3  
  146  12:13  Marauder  
  146  12:14  Marauder  
  151  12:39  Combat Shields  
  140  12:45  Command Center  
  140  12:46  Marine x2  
  140  12:47  Marauder x4, Marine x2  
  140  12:49  Supply Depot  
  152  12:55  Marine x2  
  152  12:56  Command Center, Marauder, Widow Mine  
  158  13:04  Marine x2  
  160  13:08  Marine x2  
  160  13:09  Marauder  
  161  13:32  Liberator  
  161  13:33  Liberator  
  153  13:41  Marauder, Marine x3  
  127  13:49  Marine x2  
  127  13:50  Medivac  
  127  13:54  Marine x2  
  139  13:59  Planetary Fortress  
  139  14:05  Marine x2  
  141  14:15  Marauder, Marine x2  
  141  14:16  Liberator x2  
  145  14:20  Medivac  
  140  14:36  Marine  
  140  14:37  Marauder, Marine  
  150  14:39  Marauder x4  
  150  14:42  Supply Depot  
  150  14:44  Supply Depot  
  151  14:52  Marine  
  151  14:59  Marauder  
  151  15:00  Marauder  
  151  15:10  Marine x2  
  151  15:11  Marauder x2  
  151  15:13  Orbital Command  
  157  15:18  Marine x2  
  157  15:19  Marauder  
  157  15:20  Marine x2  
  157  15:21  Marauder  
  165  15:24  Marine  
  165  15:28  Marine  
  165  15:29  Marine  
  165  15:32  Marine  
  165  15:33  Marauder  
  170  15:38  Marine  
  170  15:39  Marine  
  170  15:41  Marine x2  
  167  15:59  Marauder, Marine x2  
  169  16:08  Marine  
  169  16:09  Marauder x3, Marine  
  173  16:14  Orbital Command  
  149  16:30  Marine x3  
  149  16:31  Marauder  
  146  16:35  Marine  
  137  16:43  Marine  
  137  16:44  Marine  
  115  16:47  Marine  
  104  16:59  SCV x2  
  89  17:02  Marine  
Show
View Real Time Build Order
Export as new Build Order

Apocalypse Protoss - Winner!

Build Orders: 1 Gate Expand 

Get SALT Encoding   

  12  0:03  Probe (Chrono Boost)  
  13  0:13  Probe (Chrono Boost)  
  14  0:21  Pylon  
  14  0:24  Probe (Chrono Boost)  
  15  0:39  Gateway  
  15  0:40  Probe (Chrono Boost)  
  16  0:42  Assimilator  
  16  0:50  Probe (Chrono Boost)  
  17  1:01  Probe (Chrono Boost)  
  19  1:11  Probe (Chrono Boost)  
  19  1:22  Probe (Chrono Boost)  
  19  1:25  Nexus  
  20  1:32  Probe (Chrono Boost)  
  21  1:37  Cybernetics Core  
  21  1:43  Probe (Chrono Boost)  
  22  1:47  Pylon  
  22  1:53  Probe (Chrono Boost)  
  23  1:55  Assimilator  
  23  2:05  Probe (Chrono Boost)  
  24  2:13  Adept, Warp Gate  
  26  2:16  Mothership Core (Chrono Boost)  
  28  2:23  Forge  
  28  2:34  Probe (Chrono Boost)  
  29  2:38  Probe (Chrono Boost)  
  29  2:42  Adept  
  32  2:45  Probe (Chrono Boost)  
  32  2:48  Probe (Chrono Boost)  
  34  2:51  Protoss Ground Armor Level 1 (Chrono Boost)  
  34  2:55  Probe (Chrono Boost)  
  34  2:58  Probe  
  36  3:07  Probe  
  36  3:08  Probe  
  38  3:15  Adept  
  38  3:17  Robotics Facility  
  38  3:19  Probe x2  
  42  3:29  Probe  
  42  3:31  Probe  
  44  3:40  Probe, Pylon  
  44  3:43  Probe  
  44  3:44  Gateway  
  44  3:47  Gateway  
  46  3:55  Twilight Council  
  46  3:57  Probe  
  46  3:58  Probe  
  50  4:04  Warp Prism (Chrono Boost)  
  50  4:09  Pylon  
  52  4:10  Assimilator  
  52  4:12  Probe x2  
  52  4:17  Assimilator  
  52  4:19  Protoss Ground Armor Level 2  
  52  4:20  Adept  
  54  4:27  Probe x2  
  54  4:29  Pylon  
  39  4:31  Resonating Glaives (Chrono Boost)  
  56  4:39  Probe x2  
  58  4:49  Observer (Chrono Boost)  
  58  4:50  Pylon  
  58  4:51  Probe x2  
  61  4:52  Adept  
  61  4:53  Sentry, Adept  
  67  5:03  Probe x2  
  69  5:09  Immortal (Chrono Boost)  
  69  5:12  Pylon  
  73  5:15  Probe x2  
  75  5:28  Probe  
  76  5:29  Stalker  
  76  5:30  Sentry x2  
  76  5:33  Nexus  
  76  5:35  Pylon  
  82  5:37  Probe, Pylon  
  82  5:40  Probe  
  84  5:49  Probe  
  85  5:54  Immortal (Chrono Boost)  
  89  5:57  Pylon  
  89  6:00  Pylon  
  89  6:01  Pylon  
  89  6:04  Sentry  
  89  6:05  Sentry x2  
  89  6:07  Probe x2  
  97  6:23  Probe x2, Gateway  
  97  6:24  Blink (Chrono Boost)  
  97  6:25  Gateway  
  99  6:27  Pylon  
  99  6:29  Pylon  
  99  6:33  Immortal  
  103  6:44  Probe x2  
  105  6:59  Adept  
  105  7:00  Adept x2  
  106  7:05  Protoss Ground Armor Level 3  
  102  7:14  Probe x2  
  104  7:17  Pylon  
  104  7:18  Immortal (Chrono Boost)  
  104  7:19  Pylon  
  104  7:20  Pylon  
  104  7:21  Stalker x2  
  104  7:22  Stalker  
  114  7:25  Assimilator  
  114  7:29  Stalker x2, Assimilator  
  116  7:32  Probe x2  
  116  7:36  Pylon  
  118  7:49  Photon Cannon  
  118  7:50  Photon Cannon  
  118  7:51  Adept  
  118  7:52  Adept x4  
  118  7:55  Warp Prism (Chrono Boost)  
  130  8:00  Charge  
  130  8:10  Templar Archives  
  130  8:19  Stalker  
  132  8:20  Stalker x3  
  132  8:25  Gateway  
  132  8:26  Gateway  
  138  8:29  Gateway  
  136  8:43  Adept  
  136  8:45  Adept x3  
  136  8:46  Adept  
  111  9:23  Observer (Chrono Boost)  
  108  9:24  Psionic Storm  
  108  9:25  High Templar x2  
  108  9:26  Zealot  
  108  9:27  Zealot x2  
  118  9:43  Nexus  
  118  9:45  Zealot x3  
  120  9:46  Zealot  
  120  9:49  Pylon  
  120  9:50  Nexus  
  120  9:52  Pylon  
  126  9:53  Pylon  
  122  10:06  High Templar x4  
  130  10:14  Protoss Ground Weapons Level 1 (Chrono Boost)  
  130  10:29  Probe x2  
  130  10:31  Stalker x3  
  130  10:32  Stalker  
  140  10:41  Immortal (Chrono Boost)  
  144  10:42  Stalker  
  144  10:43  Stalker  
  148  10:55  Stalker x3  
  151  11:18  Nexus  
  151  11:20  Zealot  
  151  11:21  Pylon, Zealot x3  
  151  11:23  Probe  
  151  11:24  Probe  
  157  11:51  Immortal  
  161  12:08  Zealot  
  161  12:09  High Templar x2  
  161  12:10  High Templar x2  
  161  12:11  Zealot x3  
  161  12:15  Probe x2  
  179  12:27  Probe  
  180  12:32  High Templar  
  180  12:33  High Templar  
  180  12:34  High Templar  
  186  12:37  Protoss Ground Weapons Level 2 (Chrono Boost)  
  186  12:39  Gateway  
  186  12:42  Gateway  
  179  12:52  Zealot x3  
  179  12:53  Zealot x2  
  189  13:02  Gateway x2, Assimilator  
  189  13:04  Assimilator  
  189  13:16  High Templar  
  189  13:17  High Templar x3  
  177  13:43  Adept x3  
  177  13:44  Adept  
  185  13:57  Zealot  
  185  13:58  Zealot x3  
  193  14:22  Nexus  
  193  14:24  Pylon  
  193  14:27  Probe x2, Pylon  
  195  14:36  Probe  
  195  14:37  Probe  
  196  14:39  Probe x2  
  169  15:02  Zealot x5  
  169  15:03  Zealot x5  
  183  15:23  Photon Cannon, High Templar x5  
  183  15:25  Photon Cannon  
  183  15:27  Photon Cannon  
  193  15:36  Robotics Bay  
  193  15:38  Robotics Facility  
  193  15:48  Nexus  
  191  15:50  Zealot  
  191  15:51  Zealot x3  
  193  16:21  Archon x2  
  193  16:25  Disruptor  
  189  16:27  High Templar x2  
  189  16:28  High Templar  
  190  16:51  Archon x2  
  181  17:04  Nexus  
  181  17:05  Stalker x5  
  181  17:06  Stalker x4  
Tags
 
Add a new tag
Caveats
  • Supply blocks, unpowered buildings, or Contaminate may cause inaccurate times.
  • Supply counts are checked every 10 seconds.